 Dungeon Crawl Stone Soup version 0.21.1-1-g345015f (webtiles) character file.

39 Iko the Skirmisher (level 3, -2/33 HPs)
             Began as a Draconian Berserker on Apr 30, 2018.
             Was a Follower of Trog.
             Slain by an orc
             ... wielding a +0 mace
              (5 damage)
             ... on level 3 of the Dungeon.
             The game lasted 00:08:17 (710 turns).

Iko the Skirmisher (Draconian Berserker)             Turns: 710, Time: 00:08:18

Health: -2/33      AC:  5    Str: 19    XL:     3   Next: 28%
Magic:  0/3        EV: 13    Int:  8    God:    Trog [*.....]
Gold:   35         SH:  0    Dex: 10    Spells: 2/2 levels left

rFire    . . .     SeeInvis .   a - +0 spear
rCold    . . .     Gourm    .   (no shield)
rNeg     . . .     Faith    .   (armour unavailable)
rPois    .         Spirit   +   (helmet restricted)
rElec    .         Reflect  .   (no cloak)
rCorr    .         Harm     .   (no gloves)
MR       .....                  (no boots)
Stlth    +.........             g - amulet of guardian spirit
HPRegen  0.11/turn              (no ring)
MPRegen  0.08/turn              (no ring)

@: no status effects
A: unfitting armour, cold-blooded, AC +5
a: Berserk, Burn Spellbooks, Renounce Religion


You were on level 3 of the Dungeon.
You worshipped Trog.
Trog was aware of your devotion.
You were not hungry.

You visited 1 branch of the dungeon, and saw 3 of its levels.

You collected 35 gold pieces.

Inventory:

Hand Weapons
 a - a +0 spear (weapon)
Armour
 e - a +1 robe
 h - a cursed +0 robe
Jewellery
 g - an amulet of guardian spirit (around neck)
Books
 d - a book of Callings

   Spells                             Type                      Level
   a - Summon Small Mammal            Summoning                    1
   b - Call Imp                       Summoning                    2
   c - Call Canine Familiar           Summoning                    3
   d - Summon Guardian Golem          Hexes/Summoning              3
   e - Summon Lightning Spire         Summoning/Air                4
   f - Summon Ice Beast               Ice/Summoning                4
   Trog disapproves of the use of such an item.
Comestibles
 b - 3 rations


   Skills:
 + Level 3.8 Fighting
 + Level 3.6 Polearms
 + Level 3.1 Dodging


You had 2 spell levels left.
You didn't know any spells.

Dungeon Overview and Level Annotations

Branches:
Dungeon (3/15)

Altars:
Dithmenos
Elyvilon
Fedhas
Gozag
Makhleb
Sif Muna


Innate Abilities, Weirdness & Mutations

Your plain brown scales are hard. (AC +5)
You cannot fit into any form of body armour.
You are cold-blooded and may be slowed by cold attacks.


Message History

The leopard gecko barely misses you. The orc hits you with a mace.
* * * LOW HITPOINT WARNING * * *
The goblin barely misses you.
You feel sick. The leopard gecko closely misses you.
You see here a frilled lizard corpse.
The goblin completely misses you. The orc closely misses you.
The leopard gecko misses you.
You feel sick.
You are no longer poisoned.
The goblin closely misses you.
The leopard gecko completely misses you.
You see here a scroll labeled SYINEO CUDESU.
c - a scroll labeled SYINEO CUDESU The leopard gecko barely misses you.
The goblin barely misses you.
As you read the scroll labeled SYINEO CUDESU, it crumbles to dust.
It is a scroll of amnesia.
You feel forgetful for a moment. The leopard gecko bites you.
* * * LOW HITPOINT WARNING * * *
The orc hits you with a mace.
You die...

# ##≈≈≈≈≈##.......#
######≈≈≈≈≈≈≈#.......#
....##≈≈...≈≈#.......#
###..'..._.≈≈#...†...#
# ####≈≈...≈≈#.......#
# #≈≈≈≈≈≈≈#.w.....# #
##≈≈≈≈≈##.......#
#############..glo...#
.......# #....@....#
.......# #.........#
.......# ###.#######
.......# ... .......#
.... .......# #.....
.......# #....
######## #...


You could see a worm, an orc, a leopard gecko and a goblin.

Vanquished Creatures
  2 adders (D:3)
  3 orcs (D:3)
  3 hobgoblins
  2 kobolds (D:1)
  3 bats
  2 frilled lizards
  3 goblins
  A rat (D:3)
19 creatures vanquished.

Notes
Turn   | Place    | Note
-------+----------+-------------------------------------------
     0 | D:1      | Iko the Draconian Berserker began the quest for the Orb.
     0 | D:1      | Reached XP level 1. HP: 19/19 MP: 1/1
   208 | D:3      | Reached XP level 2. HP: 23/26 MP: 2/2
   285 | D:3      | Found a deep blue altar of Sif Muna.
   454 | D:3      | Reached XP level 3. HP: 32/33 MP: 3/3
   564 | D:3      | Found a burning altar of Makhleb.
   566 | D:3      | Found an opulent altar of Gozag.
   588 | D:3      | Found a white marble altar of Elyvilon.
   588 | D:3      | Found a shadowy altar of Dithmenos.
   590 | D:3      | Found a blossoming altar of Fedhas.
   710 | D:3      | Slain by an orc

Skill      XL: |  1  2 |
---------------+-------+-----
Dodging        | 3 |  3.1
Fighting       | |  3.8
Polearms       | |  3.6

Action                   || total
-------------------------++-------
Melee: Spear             ||    69
       Tailslap          ||     7
  Use: Scroll            ||     8
       Potion            ||     2
Armor: Skin              ||    29
Dodge: Dodged            ||    78
